 Dungeon Crawl Stone Soup version 0.31-a0-152-g6aa68a64a1 (webtiles) character file.

Game seed: 1066749883963759980

75901 qw the Severer (level 15, -22/96 HPs)
             Began as a Gargoyle Fighter on June 10, 2023.
             Was an Elder of Okawaru.
             Killed from afar by a frost giant (26 damage)
             ... with a bolt of cold
             ... on level 14 of the Dungeon.
             The game lasted 00:12:50 (21226 turns).

qw the Severer (Gargoyle Fighter)                  Turns: 21226, Time: 00:12:50

Health: -22/96     AC: 41    Str: 26    XL:     15   Next: 51%
Magic:  22/22      EV: 13    Int: 13    God:    Okawaru [****..]
Gold:   1421       SH: 26    Dex: 14    Spells: 14/14 levels left

rFire   . . .        Y - +4 war axe (protect)
rCold   . . .        A - +7 tower shield "Satonuci" {rElec Dex+5}
rNeg    + + .        y - quicksilver dragon scales
rPois   inf          r - +2 helmet {Int+3}
rElec   +            f - +1 cloak
rCorr   .            w - +0 pair of gloves
SInv    .            B - +2 pair of boots
Will    ++...        l - amulet of faith
Stlth   ++           o - +4 ring of protection
HPRegen 0.36/turn    u - ring of positive energy
MPRegen 0.18/turn

%: faith
@: heroic, corroded, under a protective aura, flying
A: sickness immunity, AC +11, big wings, negative energy resistance 1,
electricity resistance, torment resistance 1, petrification resistance
a: Renounce Religion, Heroism, Finesse


You were on level 14 of the Dungeon.
You worshipped Okawaru.
Okawaru was greatly pleased with you.
You visited 3 branches of the dungeon, and saw 20 of its levels.

You collected 1421 gold pieces.


Innate Abilities, Weirdness & Mutations

You are immune to sickness and miasma.
Your stone body is resilient. (AC +11)
You are immune to poison.
Your large and strong wings let you fly.
You resist negative energy. (rN+)
You are resistant to electric shocks. (rElec)
You are resistant to unholy torment.
You are immune to petrification.


   Skills:
 - Level 12.0(17.0) Fighting
 - Level 16.0(21.0) Axes
 - Level 7.0(12.0) Throwing
 - Level 11.1(16.1) Armour
 - Level 3.0(8.0) Dodging
 + Level 11.3(16.3) Shields
 - Level 10.0 Invocations


You had 14 spell levels left.
You didn't know any spells.
Your spell library was empty.

Inventory:

Hand Weapons
 c - a +0 flail
 C - the +3 hand axe "Lydweili" {heavy, rCorr}
   (Okawaru gifted it to you on level 13 of the Dungeon)

   rCorr:     It protects you from acid and corrosion.
 Y - a +4 war axe of protection (weapon)
Missiles
 n - 7 boomerangs of dispersal
 p - 6 javelins
 q - 11 boomerangs
 x - 10 silver javelins (quivered)
Armour
 f - a +1 cloak (worn)
 i - a +0 plate armour
 r - a +2 helmet of intelligence (worn)
 w - a +0 pair of gloves (worn)
 y - quicksilver dragon scales (worn)
 A - the +7 tower shield "Satonuci" (worn) {rElec Dex+5}
   (You acquired it on level 13 of the Dungeon)

   Dex:       It affects your dexterity (+5).
   rElec:     It insulates you from electricity.
 B - a +2 pair of boots (worn)
 D - a +1 plate armour of poison resistance
Jewellery
 e - a ring of fire
 l - an amulet of faith (around neck)
 o - a +4 ring of protection (left hand)
 s - the amulet of the Dreams {Reflect rC+ SH+5 Stlth+}
   (You found it on level 11 of the Dungeon)

   [amulet of reflection]

   It reflects blocked missile attacks.
   rC:        It protects you from cold.
   SH:        It affects your SH (+5).
   Stlth:     It makes you more stealthy.
 u - a ring of positive energy (right hand)
 v - a ring of fire
Scrolls
 a - 8 scrolls of identify
Potions
 b - 3 potions of magic
 d - a potion of might
 g - a potion of mutation
 h - 3 potions of attraction
 j - 3 potions of curing
 k - 4 potions of lignification
 t - a potion of resistance
 z - a potion of haste

Dungeon Overview and Level Annotations

Branches:
Dungeon (14/15)            Temple (1/1) D:7            Lair (5/5) D:11
  Swamp (0/4) Lair:2        Snake (0/4) Lair:2        Slime (0/5) Lair:5
    Orc (0/2) D:9          Vaults (0/5) D:13

Altars:
Ashenzari
Cheibriados
Dithmenos
Elyvilon
Fedhas
Gozag
Hepliaklqana
Kikubaaqudgha
Makhleb
Nemelex Xobeh
Okawaru
Qazlal
Ru
Sif Muna
Trog
Uskayaw
Vehumet
Wu Jian
Xom
Yredelemnul
Zin
The Shining One
Jiyva

Shops:
D:4 (   D:6 :

Annotations:
D:3 1 runed translucent door, qw's ghost, amateur MiHu
D:4 exclusion: 6 wights
D:7 3 runed translucent doors, qw's ghost, novice MiHu
Lair:4 3 runed translucent doors, qw's ghost, journeyman MiHu
Lair:5 1 runed translucent door


Message History

A storm dragon, a frost giant, a yaktaur captain, a glowing orange brain and a brown ugly thing come into view.
The frost giant is wielding a +2 battleaxe of freezing.
Found 10 gold pieces.
The yaktaur captain wields a +0 arbalest.
The yaktaur captain shoots a bolt.
You block the bolt.
The brown ugly thing basks in the mutagenic energy from its kin and changes!
The brown ugly thing gurgles horribly!
Enter note:
Enter note: You completely miss the brown ugly thing.
The storm dragon breathes lightning at you.
The bolt of lightning hits you! You resist.
You block the brown ugly thing's attack.
You hear a shout! x2; You hear an angry buzzing noise.
You hit the glowing orange brain.
The glowing orange brain is lightly wounded.
You hit the brown ugly thing but do no damage.
You slash the glowing orange brain!
The glowing orange brain is moderately wounded.
You hit the storm dragon but do no damage.
You hit the brown ugly thing but do no damage.
You block the storm dragon's attack. x3
The brown ugly thing trunk-slaps you but does no damage.
The glowing orange brain blinks!
The white ugly thing basks in the mutagenic energy from its kin and changes!
You slash the storm dragon!
The storm dragon is lightly wounded.
You slash the frost giant! You slash the brown ugly thing!
You hit the brown ugly thing. The storm dragon barely misses you.
The storm dragon claws you but does no damage.
You block the storm dragon's attack.
You block the brown ugly thing's attack. x2
You closely miss the storm dragon.
The storm dragon is lightly wounded.
You hit the brown ugly thing. You barely miss the brown ugly thing.
You barely miss the frost giant. The frost giant casts a spell at you.
The bolt of cold hits you!!
You die...

#...)#...#...#...#.....#.
#.....#...#...#...#..#.#.
#......#...#...#...#.....
####.###############)#)##
##.##.G... #...##
##.###....# #.###. #)##
#....# #.#... ##.###.C..#
#.#.## .....cD@.# #.#...
....u[uu¤....# #.#..#
....u=#[.....# #....#
.....[?).....# #.....
####.........# #....#
#....#.#.## #....#
.....##.#. #....# #.....#
#.## #....# #....#


You could see a storm dragon, a frost giant, a yaktaur captain, 4 ugly things
and a glowing orange brain.

Vanquished Creatures
  A tengu reaver (D:14)
  Snorg (D:12)
  Josephine (D:10)
  An ice dragon (D:11)
  Erica (D:8)
  7 hydras
  An ogre mage (D:14)
  A boulder beetle (D:12)
  6 catoblepae
  2 centaur warriors (D:14)
  2 dancing weapons (D:13)
  6 two-headed ogres
  4 tengu warriors
  8 death yaks (Lair:5)
  A death knight (D:13)
  A skyshark (Lair:4)
  7 skeletal warriors (D:13)
  A phantasmal warrior (D:13)
  An oklob plant (Lair:1)
  2 deep elf pyromancers
  2 manticores (Lair:5)
  3 cyclopes
  5 ugly things
  6 elephants (Lair:1)
  4 black mambas
  An ice statue (D:9)
  Maurice (D:9)
  A gargoyle (D:10)
  6 cane toads
  A rime drake (Lair:2)
  2 unseen horrors
  5 komodo dragons
  An efreet (D:14)
  3 kobold demonologists
  A freezing wraith (D:13)
  10 polar bears
  4 trolls
  A hornet (D:11)
  A tyrant leech (Lair:2)
  15 blink frogs
  3 slime creatures (D:12)
  3 wyverns
  A culicivora (shapeshifter) (D:14)
  2 vampires
  7 wraiths
  A shadow (D:9)
  89 yaks
  3 basilisks
  4 steam dragons
  2 vampire mosquitoes (D:13)
  3 swamp worms (Lair:2)
  13 water moccasins
  3 orc warriors
  12 black bears
  4 ice beasts
  2 sky beasts
  4 centaurs
  5 wolves
  3 ogres
  2 phantoms (D:5)
  4 kobold brigands
  16 bullfrogs
  A gnoll sergeant (D:8)
  A scorpion (D:6)
  9 wights
  7 killer bees
  3 electric eels
  11 howler monkeys
  2 hounds
  A gnoll bouda (D:8)
  7 orc priests
  A jelly (D:5)
  5 iguanas
  12 orc wizards
  9 gnolls
  8 adders
  A shadow imp (D:6)
  4 white imps
  An ufetubus (D:4)
  A worm (D:2)
  2 dart slugs
  44 orcs
  8 ball pythons
  6 bats
  3 endoplasms
  3 giant cockroaches
  11 goblins
  9 hobgoblins
  7 jackals
  2 quokkas
  12 frilled lizards
  20 kobolds
  9 rats
534 creatures vanquished.

Vanquished Creatures (others)
  A gnoll (D:8)
1 creature vanquished.

Grand Total: 535 creatures vanquished

Notes
Turn   | Place    | Note
-------+----------+-------------------------------------------
     0 | D:1      | qw the Gargoyle Fighter began the quest for the Orb.
     0 | D:1      | Reached XP level 1. HP: 14/14 MP: 1/1
     0 | D:1      | 0 ||| qw: Version: 0.2-a-29-g0080da8
     0 | D:1      | 0 ||| qw: Game counter: 3862
     0 | D:1      | 0 ||| qw: Always use a shield: true
     0 | D:1      | 0 ||| qw: God list: Okawaru
     0 | D:1      | 0 ||| qw: Allow faded altars: false
     0 | D:1      | 0 ||| qw: Do Orc after D:15 true
     0 | D:1      | 0 ||| qw: Do second Lair branch before Depths: true
     0 | D:1      | 0 ||| qw: Lair rune preference: random
     0 | D:1      | 0 ||| qw: Plans: Normal, Zot:1-4, Slime:5, God:TSO, Crypt,
                  | Tomb, Abyss, Pan, Hells, Win
     0 | D:1      | 0 ||| PLANNING D:1-11
    31 | D:1      | Reached skill level 2 in Axes
   122 | D:1      | Reached XP level 2. HP: 19/19 MP: 2/2
   142 | D:1      | 142 ||| Stepping ~*~*~tactically~*~*~ (stealth).
   159 | D:1      | 159 ||| DROPPING +0 club.
   422 | D:1      | Reached skill level 3 in Axes
   515 | D:1      | Reached XP level 3. HP: 23/23 MP: 3/3
   516 | D:1      | 516 ||| READING 2 scrolls labelled TAIVOL JAYHOR.
   517 | D:1      | 517 ||| READING scroll labelled MEIJUCW YHOBACW.
   534 | D:2      | 534 ||| STAIRDANCE
   568 | D:2      | 568 ||| Stepping ~*~*~tactically~*~*~ (stealth).
   725 | D:2      | Identified the +5 dagger "Killer Bee's Regret" {heavy,
                  | Dex+3}
   757 | D:2      | Reached XP level 4. HP: 28/28 MP: 4/4
   797 | D:2      | 797 ||| Stepping ~*~*~tactically~*~*~ (hiding).
   799 | D:2      | 799 ||| Stepping ~*~*~tactically~*~*~ (hiding).
   800 | D:2      | 800 ||| Stepping ~*~*~tactically~*~*~ (hiding).
   802 | D:2      | 802 ||| Stepping ~*~*~tactically~*~*~ (hiding).
   803 | D:2      | 803 ||| Stepping ~*~*~tactically~*~*~ (hiding).
   994 | D:2      | 994 ||| Stepping ~*~*~tactically~*~*~ (stealth).
  1034 | D:2      | Reached skill level 4 in Axes
  1035 | D:2      | Found a faded altar of an unknown god.
  1392 | D:2      | 1392 ||| UPGRADING to +0 cloak.
  1397 | D:2      | 1397 ||| UPGRADING to amulet of regeneration.
  1402 | D:2      | 1402 ||| READING 2 scrolls labelled LOCIGA FERI.
  1405 | D:2      | 1405 ||| READING scroll labelled TUANUTH HULU.
  1406 | D:2      | 1406 ||| READING scroll labelled UXZINI ANUWNAS.
  1407 | D:2      | 1407 ||| READING scroll labelled GUONURH KU ORO.
  1412 | D:2      | 1412 ||| DRINKING 2 bubbling blue potions.
  1413 | D:2      | 1413 ||| DROPPING potion of enlightenment.
  1448 | D:3      | 1448 ||| Stepping ~*~*~tactically~*~*~ (hiding).
  1507 | D:3      | Found a hide-covered altar of Uskayaw.
  1650 | D:3      | 1650 ||| Stepping ~*~*~tactically~*~*~ (stealth).
  1651 | D:3      | 1651 ||| Stepping ~*~*~tactically~*~*~ (stealth).
  1658 | D:3      | 1658 ||| Stepping ~*~*~tactically~*~*~ (stealth).
  1659 | D:3      | 1659 ||| Stepping ~*~*~tactically~*~*~ (stealth).
  1729 | D:3      | Found a runed translucent door.
  1730 | D:3      | Noticed qw's ghost (amateur MiHu)
  1837 | D:3      | Reached XP level 5. HP: 31/32 MP: 5/5
  2098 | D:3      | 2098 ||| READING scroll labelled EDIOLA FUKKON.
  2099 | D:3      | 2099 ||| READING scroll labelled BUT LOXZIS.
  2100 | D:3      | 2100 ||| READING scroll labelled DIEPHYBL LOIM.
  2101 | D:3      | 2101 ||| DRINKING 2 yellow potions.
  2102 | D:3      | 2102 ||| READING 2 scrolls of identify.
  2102 | D:3      | 2102 ||| IDENTIFYING lumpy brown potion
  2131 | D:4      | Noticed an ogre
  2131 | D:4      | Found Ryufitu's Antique Weapon Shoppe.
  2142 | D:4      | HP: 5/32 [ogre/+0 giant spiked club (27)]
  2143 | D:4      | 2143 ||| READING scroll of teleportation.
  2145 | D:4      | Killed an ogre
  2146 | D:4      | Reached skill level 5 in Axes
  2180 | D:4      | Reached XP level 6. HP: 36/38 MP: 6/6
  2187 | D:4      | Reached skill level 1 in Dodging
  2253 | D:4      | 2253 ||| DROPPING +0 whip.
  2334 | D:4      | Found a bloodstained altar of Trog.
  2346 | D:4      | Reached skill level 6 in Axes
  2346 | D:4      | Reached XP level 7. HP: 42/43 MP: 7/7
  2674 | D:4      | 2674 ||| UPGRADING to +0 chain mail.
  2684 | D:4      | 2684 ||| DROPPING +0 scale mail.
  2685 | D:4      | 2685 ||| UPGRADING to +1 helmet of intelligence.
  2690 | D:4      | 2690 ||| READING scroll labelled JEIFAI ITTULUW.
  2691 | D:4      | 2691 ||| READING scroll labelled IHAM RAUSEI.
  2692 | D:4      | 2692 ||| READING 3 scrolls of identify.
  2692 | D:4      | 2692 ||| IDENTIFYING inky potion
  2693 | D:4      | 2693 ||| READING 2 scrolls of identify.
  2693 | D:4      | 2693 ||| IDENTIFYING glowing inky potion
  2694 | D:4      | 2694 ||| DROPPING potion of ambrosia.
  2716 | D:5      | Entered Level 5 of the Dungeon
  2731 | D:5      | Found a sparkling altar of Nemelex Xobeh.
  2858 | D:5      | 2858 ||| Stepping ~*~*~tactically~*~*~ (stealth).
  2865 | D:5      | 2865 ||| Stepping ~*~*~tactically~*~*~ (stealth).
  2866 | D:5      | 2866 ||| Stepping ~*~*~tactically~*~*~ (stealth).
  3019 | D:5      | 3019 ||| Stepping ~*~*~tactically~*~*~ (stealth).
  3020 | D:5      | 3020 ||| Stepping ~*~*~tactically~*~*~ (stealth).
  3088 | D:5      | Reached skill level 7 in Axes
  3486 | D:5      | 3486 ||| Stepping ~*~*~tactically~*~*~ (hiding).
  3487 | D:5      | 3487 ||| Stepping ~*~*~tactically~*~*~ (hiding).
  3658 | D:5      | Reached skill level 1 in Throwing
  3695 | D:5      | Reached XP level 8. HP: 49/49 MP: 8/8
  3952 | D:5      | 3952 ||| UPGRADING to +4 ring of protection.
  3953 | D:5      | 3953 ||| DRINKING 2 fizzy white potions.
  3954 | D:5      | 3954 ||| READING 4 scrolls of identify.
  3954 | D:5      | 3954 ||| IDENTIFYING sedimented black potion
  3955 | D:5      | 3955 ||| READING 3 scrolls of identify.
  3955 | D:5      | 3955 ||| IDENTIFYING emerald potion
  3956 | D:5      | 3956 ||| DROPPING potion of invisibility.
  4486 | D:6      | 4486 ||| READING scroll of enchant armour.
  4486 | D:6      | 4486 ||| ENCHANTING +1 helmet of intelligence.
  4488 | D:6      | Found Xorghoroa's Tremendous Tomes.
  4662 | D:6      | 4662 ||| Stepping ~*~*~tactically~*~*~ (hiding).
  4664 | D:6      | 4664 ||| Stepping ~*~*~tactically~*~*~ (hiding).
  4677 | D:6      | Reached skill level 8 in Axes
  4879 | D:6      | Reached skill level 6 in Fighting
  4932 | D:6      | Found a shimmering blue altar of Sif Muna.
  5220 | D:7      | Reached XP level 9. HP: 55/55 MP: 9/9
  5253 | D:7      | 5253 ||| Stepping ~*~*~tactically~*~*~ (hiding).
  5264 | D:7      | Reached skill level 9 in Axes
  5264 | D:7      | 5264 ||| FLEEEEING.
  5265 | D:7      | 5265 ||| Stepping ~*~*~tactically~*~*~ (stealth).
  5270 | D:7      | 5270 ||| Stepping ~*~*~tactically~*~*~ (stealth).
  5284 | D:7      | HP: 13/55 [steam dragon/ball of steam (13)]
  5285 | D:7      | 5285 ||| READING scroll of teleportation.
  5366 | D:7      | 5366 ||| Stepping ~*~*~tactically~*~*~ (hiding).
  5735 | D:7      | Found a staircase to the Ecumenical Temple.
  5736 | D:7      | 5736 ||| PLANNING TEMPLE
  5736 | D:7      | 5736 ||| READING scroll labelled EGAERRI KIMO.
  5752 | Temple   | Entered the Ecumenical Temple
  5837 | Temple   | 5837 ||| PLANNING OKAWARU WORSHIP
  5926 | Temple   | Became a worshipper of Warmaster Okawaru
  5926 | Temple   | 5926 ||| PLANNING D:1-11
  6025 | D:7      | Found a runed translucent gate.
  6025 | D:7      | Found a runed translucent gate.
  6026 | D:7      | Found a runed translucent gate.
  6027 | D:7      | Noticed qw's ghost (novice MiHu)
  6027 | D:7      | Noticed a kobold demonologist
  6101 | D:8      | 6101 ||| STAIRDANCE
  6115 | D:8      | 6115 ||| STAIRDANCE
  6173 | D:8      | 6173 ||| Stepping ~*~*~tactically~*~*~ (hiding).
  6177 | D:8      | Noticed Erica
  6194 | D:8      | HP: 13/57 [Erica/+1 scimitar of flaming (5)]
  6195 | D:8      | 6195 ||| DRINKING 2 potions of heal wounds.
  6196 | D:8      | Killed Erica
  6196 | D:8      | Reached * piety under Okawaru
  6197 | D:8      | Reached skill level 10 in Axes
  6197 | D:8      | Reached XP level 10. HP: 42/63 MP: 10/10
  6372 | D:8      | Killed an unseen horror
  6373 | D:8      | Reached skill level 1 in Invocations
  6406 | D:8      | 6406 ||| INVOKING Heroism.
  6460 | D:8      | 6460 ||| Stepping ~*~*~tactically~*~*~ (hiding).
  6462 | D:8      | 6462 ||| Stepping ~*~*~tactically~*~*~ (hiding).
  6464 | D:8      | Noticed a two-headed ogre
  6465 | D:8      | 6465 ||| INVOKING Heroism.
  6481 | D:8      | 6481 ||| INVOKING Heroism.
  6491 | D:8      | Killed a two-headed ogre
  6491 | D:8      | Reached ** piety under Okawaru
  6501 | D:8      | 6501 ||| INVOKING Heroism.
  6602 | D:8      | 6602 ||| INVOKING Heroism.
  6742 | D:8      | 6742 ||| READING 4 scrolls of identify.
  6742 | D:8      | 6742 ||| IDENTIFYING fuming pink potion
  6743 | D:8      | 6743 ||| DROPPING potion of brilliance.
  6750 | D:9      | 6750 ||| Stepping ~*~*~tactically~*~*~ (stealth).
  6754 | D:9      | Noticed Maurice
  6765 | D:9      | 6765 ||| INVOKING Heroism.
  6770 | D:9      | HP: 15/64 [something/bolt of light (12)]
  6771 | D:9      | 6771 ||| READING scroll of teleportation.
  6773 | D:9      | HP: 5/64 [something/bolt of light (10)]
  6774 | D:9      | 6774 ||| DRINKING potion of curing.
  6774 | D:9      | 6774 ||| (to cure confusion)
  6775 | D:9      | 6775 ||| DRINKING potion of heal wounds.
  6866 | D:9      | 6866 ||| READING scroll of enchant weapon.
  6866 | D:9      | 6866 ||| ENCHANTING +1 war axe.
  6915 | D:9      | Reached skill level 3 in Throwing
  6926 | D:9      | 6926 ||| INVOKING Heroism.
  6930 | D:9      | Reached skill level 11 in Axes
  6993 | D:9      | Reached *** piety under Okawaru
  6994 | D:9      | Reached skill level 6 in Armour
  7003 | D:9      | Killed Maurice
  7004 | D:9      | Reached XP level 11. HP: 69/69 MP: 14/14
  7087 | D:9      | 7087 ||| Stepping ~*~*~tactically~*~*~ (hiding).
  7095 | D:9      | 7095 ||| Stepping ~*~*~tactically~*~*~ (stealth).
  7126 | D:9      | 7126 ||| FLEEEEING.
  7127 | D:9      | 7127 ||| FLEEEEING.
  7128 | D:9      | 7128 ||| FLEEEEING.
  7129 | D:9      | 7129 ||| FLEEEEING.
  7130 | D:9      | 7130 ||| FLEEEEING.
  7131 | D:9      | 7131 ||| FLEEEEING.
  7132 | D:9      | 7132 ||| FLEEEEING.
  7144 | D:9      | Reached skill level 9 in Fighting
  7280 | D:9      | 7280 ||| INVOKING Heroism.
  7292 | D:9      | 7292 ||| UPGRADING to amulet of faith.
  7294 | D:9      | 7294 ||| Stepping ~*~*~tactically~*~*~ (stealth).
  7299 | D:9      | 7299 ||| UPGRADING to amulet of faith.
  7302 | D:9      | 7302 ||| Stepping ~*~*~tactically~*~*~ (stealth).
  7307 | D:9      | 7307 ||| Stepping ~*~*~tactically~*~*~ (cloud).
  7311 | D:9      | 7311 ||| INVOKING Heroism.
  7319 | D:9      | 7319 ||| UPGRADING to amulet of faith.
  7329 | D:9      | 7329 ||| READING scroll labelled NYSALYTS XIJI.
  7435 | D:9      | 7435 ||| INVOKING Heroism.
  7448 | D:9      | 7448 ||| READING 3 scrolls of identify.
  7448 | D:9      | 7448 ||| IDENTIFYING fizzy silvery potion
  7583 | D:9      | Noticed a two-headed ogre
  7584 | D:9      | 7584 ||| INVOKING Heroism.
  7591 | D:9      | Killed a two-headed ogre
  7650 | D:9      | 7650 ||| INVOKING Heroism.
  7729 | D:9      | Found a staircase to the Orcish Mines.
  7749 | D:9      | 7749 ||| INVOKING Heroism.
  7802 | D:9      | 7802 ||| DROPPING +0 flail.
  8059 | D:10     | Entered Level 10 of the Dungeon
  8097 | D:10     | 8097 ||| Stepping ~*~*~tactically~*~*~ (stealth).
  8099 | D:10     | 8099 ||| Stepping ~*~*~tactically~*~*~ (stealth).
  8284 | D:10     | Noticed Josephine
  8296 | D:10     | 8296 ||| INVOKING Heroism.
  8302 | D:10     | Killed Josephine
  8303 | D:10     | Reached skill level 12 in Axes
  8311 | D:10     | 8311 ||| INVOKING Heroism.
  8446 | D:10     | 8446 ||| Stepping ~*~*~tactically~*~*~ (hiding).
  8452 | D:10     | 8452 ||| INVOKING Heroism.
  8460 | D:10     | Reached skill level 6 in Shields
  8497 | D:10     | 8497 ||| INVOKING Heroism.
  8649 | D:10     | 8649 ||| Stepping ~*~*~tactically~*~*~ (hiding).
  8651 | D:10     | 8651 ||| Stepping ~*~*~tactically~*~*~ (hiding).
  8752 | D:10     | Found a broken altar of Ashenzari.
  8808 | D:10     | 8808 ||| READING scroll of enchant armour.
  8808 | D:10     | 8808 ||| ENCHANTING +0 cloak.
  8917 | D:10     | Identified the +1 dagger "Jeowe" {freeze, Will+ Str+3}
  9022 | D:10     | 9022 ||| Stepping ~*~*~tactically~*~*~ (hiding).
  9247 | D:11     | 9247 ||| Stepping randomly (disturbance).
  9248 | D:11     | 9248 ||| Stepping randomly (disturbance).
  9253 | D:11     | 9253 ||| Stepping randomly (disturbance).
  9297 | D:11     | Received a gift from Okawaru
  9341 | D:11     | Identified the amulet of the Dreams {Reflect rC+ SH+5
                  | Stlth+}
  9383 | D:11     | Reached **** piety under Okawaru
  9404 | D:11     | 9404 ||| INVOKING Heroism.
  9445 | D:11     | Found a staircase to the Lair.
  9460 | D:11     | 9460 ||| INVOKING Heroism.
  9687 | D:11     | 9687 ||| Stepping ~*~*~tactically~*~*~ (stealth).
  9688 | D:11     | 9688 ||| Stepping ~*~*~tactically~*~*~ (stealth).
  9809 | D:11     | 9809 ||| INVOKING Heroism.
  9809 | D:11     | Noticed an ice dragon
  9836 | D:11     | Killed an ice dragon
  9837 | D:11     | Reached XP level 12. HP: 54/77 MP: 14/16
  9850 | D:11     | 9850 ||| INVOKING Heroism.
  9855 | D:11     | Reached ***** piety under Okawaru
  9856 | D:11     | Reached skill level 6 in Invocations
 10104 | D:11     | Received a gift from Okawaru
 10183 | D:11     | Noticed a two-headed ogre
 10189 | D:11     | 10189 ||| INVOKING Heroism.
 10206 | D:11     | Killed a two-headed ogre
 10206 | D:11     | Received a gift from Okawaru
 10437 | D:11     | Reached skill level 13 in Axes
 10613 | D:11     | 10613 ||| PLANNING LAIR
 10613 | D:11     | 10613 ||| UPGRADING to +0 pair of boots.
 10618 | D:11     | 10618 ||| UPGRADING to +0 pair of gloves.
 10623 | D:11     | 10623 ||| DROPPING amulet of regeneration.
 10624 | D:11     | 10624 ||| DROPPING amulet of reflection.
 10625 | D:11     | 10625 ||| READING 2 scrolls of identify.
 10625 | D:11     | 10625 ||| IDENTIFYING white potion
 10626 | D:11     | 10626 ||| DROPPING potion of berserk rage.
 10709 | Lair:1   | Entered Level 1 of the Lair of Beasts
 10710 | Lair:1   | 10710 ||| INVOKING Heroism.
 10711 | Lair:1   | 10711 ||| INVOKING Finesse.
 10744 | Lair:1   | Received a gift from Okawaru
 10757 | Lair:1   | 10757 ||| Stepping ~*~*~tactically~*~*~ (stealth).
 10977 | Lair:1   | 10977 ||| Stepping ~*~*~tactically~*~*~ (stealth).
 11075 | Lair:1   | 11075 ||| INVOKING Heroism.
 11142 | Lair:1   | Received a gift from Okawaru
 11152 | Lair:1   | 11152 ||| INVOKING Heroism.
 11170 | Lair:1   | Reached skill level 9 in Invocations
 11173 | Lair:1   | HP: 18/77 [elephant (5)]
 11174 | Lair:1   | 11174 ||| READING 2 scrolls of teleportation.
 11366 | Lair:1   | 11366 ||| Stepping ~*~*~tactically~*~*~ (stealth).
 11425 | Lair:1   | 11425 ||| Stepping ~*~*~tactically~*~*~ (stealth).
 11431 | Lair:1   | Received a gift from Okawaru
 11531 | Lair:1   | 11531 ||| Stepping ~*~*~tactically~*~*~ (stealth).
 11545 | Lair:1   | Received a gift from Okawaru
 11752 | Lair:1   | 11752 ||| INVOKING Heroism.
 11762 | Lair:1   | Reached XP level 13. HP: 63/82 MP: 18/20
 11834 | Lair:1   | 11834 ||| INVOKING Heroism.
 12034 | Lair:1   | Reached skill level 9 in Armour
 12281 | Lair:1   | 12281 ||| READING 5 scrolls of identify.
 12281 | Lair:1   | 12281 ||| IDENTIFYING glowing purple potion
 12312 | Lair:2   | 12312 ||| INVOKING Heroism.
 12316 | Lair:2   | Received a gift from Okawaru
 12450 | Lair:2   | 12450 ||| INVOKING Heroism.
 12464 | Lair:2   | 12464 ||| Stepping ~*~*~tactically~*~*~ (cloud).
 12517 | Lair:2   | Found a staircase to the Snake Pit.
 12708 | Lair:2   | 12708 ||| INVOKING Heroism.
 12709 | Lair:2   | 12709 ||| INVOKING Finesse.
 12713 | Lair:2   | 12713 ||| SWAPPING to +1 flail of protection.
 12722 | Lair:2   | 12722 ||| SWAPPING to +2 war axe.
 12874 | Lair:2   | 12874 ||| Stepping ~*~*~tactically~*~*~ (stealth).
 12877 | Lair:2   | 12877 ||| Stepping ~*~*~tactically~*~*~ (stealth).
 12878 | Lair:2   | 12878 ||| Stepping ~*~*~tactically~*~*~ (stealth).
 12897 | Lair:2   | 12897 ||| INVOKING Heroism.
 13037 | Lair:2   | 13037 ||| Stepping ~*~*~tactically~*~*~ (stealth).
 13116 | Lair:2   | 13116 ||| INVOKING Heroism.
 13122 | Lair:2   | 13122 ||| Stepping ~*~*~tactically~*~*~ (water).
 13319 | Lair:2   | 13319 ||| INVOKING Heroism.
 13320 | Lair:2   | 13320 ||| INVOKING Finesse.
 13324 | Lair:2   | 13324 ||| SWAPPING to +1 flail of protection.
 13334 | Lair:2   | 13334 ||| SWAPPING to +2 war axe.
 13617 | Lair:2   | 13617 ||| INVOKING Heroism.
 13618 | Lair:2   | 13618 ||| INVOKING Finesse.
 13620 | Lair:2   | 13620 ||| SWAPPING to +1 flail of protection.
 13626 | Lair:2   | Reached skill level 14 in Axes
 13635 | Lair:2   | Received a gift from Okawaru
 13636 | Lair:2   | 13636 ||| SWAPPING to +2 war axe.
 13686 | Lair:2   | Found a staircase to the Swamp.
 13898 | Lair:2   | 13898 ||| UPGRADING to ring of positive energy.
 13929 | Lair:3   | 13929 ||| INVOKING Heroism.
 14043 | Lair:3   | 14043 ||| INVOKING Heroism.
 14045 | Lair:3   | 14045 ||| SWAPPING to +1 flail of protection.
 14057 | Lair:3   | 14057 ||| SWAPPING to +2 war axe.
 14203 | Lair:3   | 14203 ||| Stepping ~*~*~tactically~*~*~ (stealth).
 14205 | Lair:3   | 14205 ||| Stepping ~*~*~tactically~*~*~ (stealth).
 14210 | Lair:3   | 14210 ||| INVOKING Heroism.
 14443 | Lair:3   | 14443 ||| INVOKING Heroism.
 14446 | Lair:3   | Received a gift from Okawaru
 14506 | Lair:3   | 14506 ||| Stepping ~*~*~tactically~*~*~ (stealth).
 14512 | Lair:3   | 14512 ||| INVOKING Heroism.
 14561 | Lair:3   | 14561 ||| INVOKING Heroism.
 14569 | Lair:3   | Reached skill level 6 in Throwing
 14608 | Lair:3   | 14608 ||| INVOKING Heroism.
 14667 | Lair:3   | 14667 ||| Stepping ~*~*~tactically~*~*~ (stealth).
 14668 | Lair:3   | 14668 ||| Stepping ~*~*~tactically~*~*~ (stealth).
 14905 | Lair:3   | 14905 ||| INVOKING Heroism.
 14918 | Lair:3   | Received a gift from Okawaru
 14984 | Lair:3   | 14984 ||| READING scroll of enchant weapon.
 14984 | Lair:3   | 14984 ||| ENCHANTING +2 war axe.
 15038 | Lair:3   | 15038 ||| INVOKING Heroism.
 15166 | Lair:3   | 15166 ||| INVOKING Heroism.
 15363 | Lair:3   | 15363 ||| READING scroll labelled GEBATS DITI.
 15412 | Lair:4   | 15412 ||| INVOKING Heroism.
 15417 | Lair:4   | 15417 ||| SWAPPING to +1 flail of protection.
 15424 | Lair:4   | 15424 ||| SWAPPING to +3 heavy war axe.
 15442 | Lair:4   | 15442 ||| READING scroll of brand weapon.
 15442 | Lair:4   | 15442 ||| BRANDING +3 heavy war axe.
 15443 | Lair:4   | 15443 ||| DROPPING +1 flail of protection.
 15667 | Lair:4   | Found a runed translucent gate.
 15667 | Lair:4   | Found a runed translucent gate.
 15667 | Lair:4   | Found a runed translucent gate.
 15669 | Lair:4   | Noticed an azure jelly
 15669 | Lair:4   | Noticed an azure jelly
 15669 | Lair:4   | Noticed an azure jelly
 15669 | Lair:4   | Noticed a quicksilver ooze
 15669 | Lair:4   | Noticed an acid blob
 15670 | Lair:4   | Noticed an azure jelly
 15670 | Lair:4   | Noticed an azure jelly
 15670 | Lair:4   | Noticed an acid blob
 15670 | Lair:4   | Noticed qw's ghost (journeyman MiHu)
 15670 | Lair:4   | Noticed an acid blob
 15671 | Lair:4   | Noticed an acid blob
 15671 | Lair:4   | Noticed an acid blob
 15671 | Lair:4   | Noticed an acid blob
 15672 | Lair:4   | Noticed an acid blob
 15730 | Lair:4   | 15730 ||| INVOKING Heroism.
 15738 | Lair:4   | Gained mutation: Your large and strong wings let you fly.
                  | [Gargoyle growth]
 15738 | Lair:4   | Reached XP level 14. HP: 79/90 MP: 19/21
 15837 | Lair:4   | 15837 ||| READING scroll of enchant weapon.
 15837 | Lair:4   | 15837 ||| ENCHANTING +3 war axe of flaming.
 15917 | Lair:4   | 15917 ||| INVOKING Heroism.
 16094 | Lair:4   | 16094 ||| Stepping ~*~*~tactically~*~*~ (stealth).
 16095 | Lair:4   | 16095 ||| Stepping ~*~*~tactically~*~*~ (stealth).
 16294 | Lair:4   | Noticed an azure jelly
 16295 | Lair:4   | Found a viscous altar of Jiyva.
 16297 | Lair:4   | 16297 ||| READING 6 scrolls of identify.
 16297 | Lair:4   | 16297 ||| IDENTIFYING glowing dark potion
 16318 | Lair:5   | Entered Level 5 of the Lair of Beasts
 16347 | Lair:5   | Received a gift from Okawaru
 16408 | Lair:5   | 16408 ||| INVOKING Heroism.
 16417 | Lair:5   | Reached skill level 15 in Axes
 16585 | Lair:5   | 16585 ||| INVOKING Heroism.
 16696 | Lair:5   | Found a runed translucent door.
 16696 | Lair:5   | Found a viscous altar of Jiyva.
 16696 | Lair:5   | Noticed an acid blob
 16697 | Lair:5   | Found a staircase to the Slime Pits.
 16697 | Lair:5   | Noticed an acid blob
 16722 | Lair:5   | 16722 ||| Stepping ~*~*~tactically~*~*~ (stealth).
 16747 | Lair:5   | Reached skill level 3 in Dodging
 16755 | Lair:5   | 16755 ||| INVOKING Heroism.
 16916 | Lair:5   | 16916 ||| INVOKING Heroism.
 16934 | Lair:5   | 16934 ||| Stepping ~*~*~tactically~*~*~ (hiding).
 17066 | Lair:5   | 17066 ||| INVOKING Heroism.
 17082 | Lair:5   | Reached skill level 12 in Fighting
 17215 | Lair:5   | 17215 ||| Stepping ~*~*~tactically~*~*~ (stealth).
 17216 | Lair:5   | 17216 ||| INVOKING Heroism.
 17239 | Lair:5   | Received a gift from Okawaru
 17339 | Lair:5   | 17339 ||| INVOKING Heroism.
 17340 | Lair:5   | 17340 ||| INVOKING Finesse.
 17404 | Lair:5   | 17404 ||| INVOKING Heroism.
 17581 | Lair:5   | 17581 ||| INVOKING Heroism.
 17741 | Lair:5   | 17741 ||| INVOKING Heroism.
 18127 | Lair:5   | 18127 ||| PLANNING D
 18127 | Lair:5   | 18127 ||| UPGRADING to quicksilver dragon scales.
 18137 | Lair:5   | 18137 ||| DROPPING +0 chain mail.
 18451 | D:12     | 18451 ||| Stepping ~*~*~tactically~*~*~ (hiding).
 18457 | D:12     | Reached skill level 16 in Axes
 18594 | D:12     | 18594 ||| Stepping ~*~*~tactically~*~*~ (stealth).
 18647 | D:12     | Noticed Snorg
 18648 | D:12     | 18648 ||| INVOKING Heroism.
 18649 | D:12     | 18649 ||| INVOKING Finesse.
 18664 | D:12     | Killed Snorg
 18713 | D:12     | 18713 ||| Stepping ~*~*~tactically~*~*~ (hiding).
 18799 | D:12     | 18799 ||| INVOKING Heroism.
 19196 | D:12     | 19196 ||| UPGRADING to +2 pair of boots.
 19206 | D:12     | 19206 ||| DROPPING +0 pair of boots.
 19207 | D:12     | 19207 ||| READING scroll labelled FUNONUJACAU.
 19319 | D:13     | 19319 ||| Stepping ~*~*~tactically~*~*~ (hiding).
 19320 | D:13     | 19320 ||| Stepping ~*~*~tactically~*~*~ (hiding).
 19418 | D:13     | 19418 ||| INVOKING Heroism.
 19432 | D:13     | Reached XP level 15. HP: 69/96 MP: 22/22
 19507 | D:13     | 19507 ||| INVOKING Heroism.
 19588 | D:13     | 19588 ||| INVOKING Heroism.
 19647 | D:13     | Identified the +3 hand axe "Lydweili" {heavy, rCorr}
                  | (Okawaru gifted it to you on level 13 of the Dungeon)
 19647 | D:13     | Received a gift from Okawaru
 19666 | D:13     | 19666 ||| Stepping ~*~*~tactically~*~*~ (hiding).
 19669 | D:13     | 19669 ||| Stepping ~*~*~tactically~*~*~ (hiding).
 19707 | D:13     | 19707 ||| Stepping ~*~*~tactically~*~*~ (hiding).
 19728 | D:13     | 19728 ||| INVOKING Heroism.
 19740 | D:13     | HP: 24/96 [tengu warrior/+3 war axe (1)]
 19741 | D:13     | 19741 ||| READING 3 scrolls of teleportation.
 19742 | D:13     | 19742 ||| DRINKING potion of heal wounds.
 19746 | D:13     | 19746 ||| FLEEEEING.
 19747 | D:13     | 19747 ||| FLEEEEING.
 19748 | D:13     | 19748 ||| STAIRDANCE
 19915 | D:12     | 19915 ||| DROPPING orb of guile.
 19916 | D:12     | 19916 ||| UPGRADING to +0 kite shield of reflection.
 19926 | D:12     | 19926 ||| DROPPING +0 buckler.
 19937 | D:13     | 19937 ||| STAIRDANCE
 20049 | D:13     | 20049 ||| Stepping ~*~*~tactically~*~*~ (stealth).
 20052 | D:13     | 20052 ||| Stepping ~*~*~tactically~*~*~ (stealth).
 20061 | D:13     | 20061 ||| Stepping ~*~*~tactically~*~*~ (stealth).
 20062 | D:13     | 20062 ||| Stepping ~*~*~tactically~*~*~ (stealth).
 20086 | D:13     | 20086 ||| INVOKING Heroism.
 20087 | D:13     | 20087 ||| Stepping ~*~*~tactically~*~*~ (stealth).
 20089 | D:13     | 20089 ||| Stepping ~*~*~tactically~*~*~ (stealth).
 20102 | D:13     | 20102 ||| Stepping ~*~*~tactically~*~*~ (hiding).
 20111 | D:13     | Found a gate to the Vaults.
 20114 | D:13     | Reached skill level 9 in Shields
 20178 | D:13     | 20178 ||| READING scroll of brand weapon.
 20178 | D:13     | 20178 ||| BRANDING +4 war axe of flaming.
 20215 | D:13     | 20215 ||| INVOKING Heroism.
 20259 | D:13     | 20259 ||| Stepping ~*~*~tactically~*~*~ (stealth).
 20261 | D:13     | 20261 ||| Stepping ~*~*~tactically~*~*~ (stealth).
 20263 | D:13     | 20263 ||| Stepping ~*~*~tactically~*~*~ (stealth).
 20266 | D:13     | 20266 ||| INVOKING Heroism.
 20348 | D:13     | 20348 ||| Stepping ~*~*~tactically~*~*~ (hiding).
 20351 | D:13     | 20351 ||| INVOKING Heroism.
 20372 | D:13     | HP: 23/96 [skeletal warrior/+0 glaive[a death knight] (4)]
 20373 | D:13     | 20373 ||| READING 2 scrolls of teleportation.
 20413 | D:13     | 20413 ||| FLEEEEING.
 20414 | D:13     | 20414 ||| FLEEEEING.
 20415 | D:13     | 20415 ||| FLEEEEING.
 20424 | D:13     | 20424 ||| STAIRDANCE
 20612 | D:13     | 20612 ||| INVOKING Heroism.
 20742 | D:13     | 20742 ||| INVOKING Heroism.
 20833 | D:13     | 20833 ||| UPGRADING to +0 tower shield.
 20843 | D:13     | 20843 ||| DROPPING +0 kite shield of reflection.
 20844 | D:13     | 20844 ||| READING scroll labelled ROLYID UNONT.
 20844 | D:13     | Identified a scroll of acquirement
 20844 | D:13     | 20844 ||| ACQUIRING +7 tower shield "Satonuci" {rElec
                  | Dex+5}
 20844 | D:13     | Acquired the +7 tower shield "Satonuci" {rElec Dex+5}
 20846 | D:13     | 20846 ||| UPGRADING to +7 tower shield "Satonuci" {rElec
                  | Dex+5}.
 20856 | D:13     | 20856 ||| DROPPING +0 tower shield.
 20878 | D:14     | 20878 ||| Stepping ~*~*~tactically~*~*~ (hiding).
 20881 | D:14     | 20881 ||| INVOKING Heroism.
 20885 | D:14     | Received a gift from Okawaru
 20955 | D:14     | 20955 ||| Stepping ~*~*~tactically~*~*~ (hiding).
 21005 | D:14     | Found an opulent altar of Gozag.
 21117 | D:14     | 21117 ||| Stepping ~*~*~tactically~*~*~ (hiding).
 21118 | D:14     | 21118 ||| Stepping ~*~*~tactically~*~*~ (hiding).
 21169 | D:14     | Noticed a tengu reaver
 21170 | D:14     | 21170 ||| Stepping ~*~*~tactically~*~*~ (hiding).
 21201 | D:14     | 21201 ||| INVOKING Heroism.
 21216 | D:14     | HP: 17/96 [tengu reaver/bolt of fire (39)]
 21217 | D:14     | 21217 ||| READING scroll of teleportation.
 21220 | D:14     | Killed a tengu reaver
 21221 | D:14     | Noticed a storm dragon
 21221 | D:14     | Noticed a frost giant
 21222 | D:14     | HP: 3/96 [storm dragon/bolt of lightning (10)]
 21226 | D:14     | Killed from afar by a frost giant

Levels and vault maps discovered:
D:1:      spicycebolla_arrival_clurvy, layout_basic, nicolae_titane
D:2:      layout_loops_ring, nicolae_ecumenical_snake_handling,
          serial_bayou_pond_c, minmay_misc_feat_encased,
          kennysheep_generic_room_4
D:3:      layout_loops_cross, mainiacjoe_overflow_24_doors,
          gammafunk_ghost_grave, st_stairs_7
D:4:      layout_basic, mainiacjoe_overflow_alcove_1, serial_shops,
          nicolae_stop_n_shop_2
D:5:      layout_loops_corners, mainiacjoe_overflow_cross_hatched,
          serial_rivers, chequers_serial_rivers_room_a,
          chequers_serial_rivers_room_a, chequers_serial_rivers_small_b,
          chequers_serial_rivers_small_3, chequers_serial_rivers_small_a,
          chequers_serial_rivers_large_b
D:6:      layout_layer_cave, tgw_sif, nicolae_shop_i_like_big_books,
          grunt_ministairs_6, minmay_misc_feat_tower, st_stairs_4
D:7:      layout_cave_pools, temple_pool_b, gammafunk_ghost_nasty_kobolds
D:8:      layout_rooms, minmay_fractal_squares_diagonal_5, uniq_erica
D:9:      layout_stronghold, minmay_orc_entry_temple_small, minivault_15,
          uniq_maurice
D:10:     layout_basic, nicolae_ashenzari_panopticon, uniq_josephine
D:11:     layout_basic, due_lair_maze_entry_diamond,
          portal_ice_cave_entry_animals_and_master
D:12:     layout_loops_ring, dreamdust_mushroom_princess, uniq_snorg
D:13:     layout_cave_pools, erik_vaults_1, serial_park, serial_park_square1
          [serial_park_minivault_5x5_6], serial_park_tiny_1,
          serial_park_tiny_pond, serial_park_avenue1
D:14:     minmay_textured_paths, layout_loops_cross, grunt_gozag_breadcrumbs
Temple:   nicolae_temple_bog_church
Lair:1:   layout_roguey, dpeg_stationary_puzzle, serial_bayou_shore_a
Lair:2:   layout_long_grid, palyth_hydra_swamp_entry, dummy_snake_entry
Lair:3:   beast_lair_carwin_large_4, layout_cave_pods, serial_bayou_pond_e,
          nicolae_lair_lil_pond
Lair:4:   layout_regular_city, gammafunk_ghost_ooze, grunt_megastairs_3
Lair:5:   evilmike_catoblepas_cave, layout_gridlike, slime_entry_2

Skill      XL: |  1  2  3  4  5  6  7  8  9 10 11 12 13 14 15 |
---------------+----------------------------------------------+-----
Axes           | 2 3 4 5 6 7 8 10 11 12 13 14 16 | 16.0
Fighting       | 4 5 6 7 8 10 11 12 | 12.0
Dodging        | 1 2 3 |  3.0
Throwing       | 1 3 5 6 7 |  7.0
Armour         | 4 5 6 7 8 9 10 11 | 11.1
Shields        | 4 5 6 7 8 11 | 11.3
Invocations    | 4 5 9 10 | 10.0

Action                     |  1- 3 |  4- 6 |  7- 9 | 10-12 | 13-15 || total
---------------------------+-------+-------+-------+-------+-------++-------
  Melee: War axe           |   106 |   172 |   274 |   724 |  1122 ||  2398
         Flail             |       |       |       |       |    49 ||    49
  Throw: Boomerang         |       |     1 |     6 |    11 |       ||    18
         Javelin           |       |       |       |     6 |     2 ||     8
 Invoke: Heroism           |       |       |       |    26 |    45 ||    71
         Finesse           |       |       |       |     1 |     5 ||     6
    Use: Scroll            |     2 |     9 |     9 |     8 |    12 ||    40
         Potion            |       |     2 |     2 |     2 |     1 ||     7
 Armour: Scale mail        |    71 |    75 |     6 |       |       ||   152
         Chain mail        |       |       |   164 |   516 |   411 ||  1091
         Quicksilver drago |       |       |       |       |   207 ||   207
  Dodge: Dodged            |    56 |    62 |    96 |   255 |   376 ||   845
  Block: Buckler           |    17 |    22 |    52 |   175 |   200 ||   466
         Tower shield      |       |       |       |       |   109 ||   109
         Kite shield       |       |       |       |       |    56 ||    56

Table legend:
 A = Non-vault XP
 B = Vault XP
 C = Vault XP percentage of total XP
 D = Non-vault monster count
 E = Vault monster count
 F = Vault count percentage of total count
                 A         B        C        D         E       F
            +---------+---------+-------+---------+---------+-------
      Total |   74977 |   33454 |  30.9 |     432 |     102 |  19.1
            +---------+---------+-------+---------+---------+-------
        D:1 |      40 |       0 |   0.0 |      27 |       0 |   0.0
        D:2 |      64 |      17 |  21.0 |      23 |       4 |  14.8
        D:3 |      69 |       1 |   1.4 |      20 |       1 |   4.8
        D:4 |     601 |       0 |   0.0 |      24 |       0 |   0.0
        D:5 |     407 |       0 |   0.0 |      14 |       0 |   0.0
        D:6 |     801 |     186 |  18.8 |      14 |       4 |  22.2
        D:7 |    1563 |       0 |   0.0 |      23 |       0 |   0.0
        D:8 |    1047 |    2188 |  67.6 |      21 |       7 |  25.0
        D:9 |    3830 |    1168 |  23.4 |      31 |       9 |  22.5
       D:10 |    1400 |    1526 |  52.2 |      21 |       4 |  16.0
       D:11 |    4251 |    3733 |  46.8 |      21 |      18 |  46.2
       D:12 |    5544 |     945 |  14.6 |      23 |       1 |   4.2
       D:13 |   12987 |    1654 |  11.3 |      26 |       2 |   7.1
       D:14 |    6647 |    2615 |  28.2 |      12 |       3 |  20.0
     Lair:1 |   10109 |     587 |   5.5 |      42 |       1 |   2.3
     Lair:2 |    5258 |    2496 |  32.2 |      18 |       7 |  28.0
     Lair:3 |    7185 |    2817 |  28.2 |      29 |      14 |  32.6
     Lair:4 |    3059 |    1417 |  31.7 |       6 |       4 |  40.0
     Lair:5 |   10115 |   12104 |  54.5 |      37 |      23 |  38.3
            +---------+---------+-------+---------+---------+-------
